 Dungeon Sprint DCSS version 0.32-a0-683-ge26c5dbc97 (webtiles) character file.

Game seed: 9574808225858018815

452581 Revguard the Formicid Barricade (level 19, 189/189 HPs)
             Began as a Formicid Fighter on Mar 12, 2024.
             Was the Champion of Okawaru.
             Escaped with the Orb!
             The game lasted 00:52:20 (5193 turns).

Revguard the Formicid Barricade (Formicid Fighter)  Turns: 5193, Time: 00:52:21

Health: 189/189    AC: 51    Str: 23    XL:     19   Next: 61%
Magic:  36/36      EV: 23    Int: 10    God:    Okawaru [******]
Gold:   0          SH: 39    Dex: 28    Spells: 18/18 levels left

rFire   + + .        B - +7 great mace "Firestarter" {flame, immolate, rFlCloud rF++}
rCold   + . .        A - +18 shield of the Gong {Loud rN+ Will+ rCorr EV-5}
rNeg    + + .        z - +15 Maxwell's patent armour {-Cast -Tele rElec Will+ rCorr}
rPois   +            (helmet unavailable)
rElec   +            J - +2 cloak {rPois}
rCorr   +            u - +2 pair of gloves {Dex+3}
SInv    +            E - +0 pair of boots of Qaumimmuila {^Drain rElec Dex+2 Slay+2}
Will    +++++        O - amulet of Esyqon {rPois Will+ Regen+ rCorr} Stlth
                     t - ring "Fuetol" {rC+ Dex+6 SInv}
HPRegen 1.31/turn    G - ring "Sentar" {rN+ Will+ AC+4}
MPRegen 0.25/turn

%: no spellcasting
@: studying Unarmed Combat
A: permanent stasis, dig shafts and tunnels, antennae 3, four strong arms
0: Orb of Zot
a: Dig, Renounce Religion, Heroism, Finesse


You escaped.
You worshipped Okawaru.
Okawaru was exalted by your worship.
You visited 1 branch

Inventory:

Hand Weapons
 y - the +10 dark maul {heavy}
   (You found it in the Dungeon)
 B - the +7 great mace "Firestarter" (weapon) {flame, immolate, rFlCloud rF++}
   (You found it in the Dungeon)

   rFlCloud:  It grants immunity to clouds of flame.
   rF++:      It greatly protects you from fire.
 K - the +8 Wrath of Trog {antimagic, *Rage Rampage}
   (You found it in the Dungeon)

   It causes slowness and exhaustion when equipped.
   It extends the wielder's berserk rage when killing foes.
   *Rage:     It berserks you when you make melee attacks (+50% chance).
   Rampage:   It bestows one free step when moving towards enemies.
Armour
 c - the +10 tower shield of Ignorance {rN+ Int-4}
   (You found it in the Dungeon)

   Int-4:     It affects your intelligence (-4).
   rN+:       It protects you from negative energy.
 u - a +2 pair of gloves of dexterity (worn)
 z - the +15 Maxwell's patent armour (worn) {-Cast -Tele rElec Will+ rCorr}
   (You found it in the Dungeon)

   rElec:     It insulates you from electricity.
   Will+:     It increases your willpower.
   -Cast:     It prevents spellcasting.
   -Tele:     It prevents most forms of teleportation.
   rCorr:     It protects you from acid and corrosion.
 A - the +18 shield of the Gong (worn) {Loud rN+ Will+ rCorr EV-5}
   (You found it in the Dungeon)

   Loud:      It is deafeningly noisy when blocking attacks.
   EV-5:      It affects your evasion (-5).
   rN+:       It protects you from negative energy.
   Will+:     It increases your willpower.
   rCorr:     It protects you from acid and corrosion.
 E - the +0 pair of boots of Qaumimmuila (worn) {^Drain rElec Dex+2 Slay+2}
   (You found it in the Dungeon)

   Dex+2:     It affects your dexterity (+2).
   Slay+2:    It affects your accuracy & damage with ranged weapons and melee
   (+2).
   rElec:     It insulates you from electricity.
   ^Drain:    It drains your maximum health when unequipped.
 J - a +2 cloak of poison resistance (worn)
Jewellery
 t - the ring "Fuetol" (left hand) {rC+ Dex+6 SInv}
   (You found it in the Dungeon)

   [ring of dexterity]

   Dex+6:     It affects your dexterity (+6).
   rC+:       It protects you from cold.
   SInv:      It lets you see invisible.
 v - a +4 ring of protection
 w - a +5 ring of evasion
 x - an amulet of faith
 C - a +5 ring of evasion
 G - the ring "Sentar" (right hand) {rN+ Will+ AC+4}
   (You found it in the Dungeon)

   [ring of protection]

   AC+4:      It affects your AC (+4).
   rN+:       It protects you from negative energy.
   Will+:     It increases your willpower.
 O - the amulet of Esyqon (around neck) {rPois Will+ Regen+ rCorr}
   (You found it in the Dungeon)

   [amulet of regeneration]

   rPois:     It protects you from poison.
   Will+:     It increases your willpower.
   Regen+:    It increases your rate of health regeneration.
   rCorr:     It protects you from acid and corrosion.
 Q - the amulet "Lileituo" {Rampage Regen+ Str+6}
   (You found it in the Dungeon)

   [amulet of regeneration]

   Str+6:     It affects your strength (+6).
   Regen+:    It increases your rate of health regeneration.
   Rampage:   It bestows one free step when moving towards enemies.
 S - the ring of Zeivoas {Ice Will+ Str+3}
   (You found it in the Dungeon)

   [ring of ice]

   Ice:       It enhances your ice magic.
   Str+3:     It affects your strength (+3).
   rF-:       It makes you vulnerable to fire.
   rC+:       It protects you from cold.
   Will+:     It increases your willpower.
 T - the ring of Qick {rN+ Str+2}
   (You found it in the Dungeon)

   [ring of positive energy]

   Str+2:     It affects your strength (+2).
   rN+:       It protects you from negative energy.
Wands
 a - a wand of roots (56)
 b - a wand of polymorph (50)
 k - a wand of flame (96)
 p - a wand of mindburst (49)
 q - a wand of acid (32)
 r - a wand of digging (11)
Scrolls
 l - 4 scrolls of amnesia
 m - 8 scrolls of fog
 n - 5 scrolls of identify
 o - 2 scrolls of fear
 s - 5 scrolls of enchant armour
 F - 6 scrolls of brand weapon
 W - 8 scrolls of enchant weapon
Potions
 d - 6 potions of might
 e - 9 potions of curing
 f - 4 potions of heal wounds
 g - 7 potions of magic
 h - 2 potions of brilliance
 i - 2 potions of invisibility
 j - 4 potions of resistance
Miscellaneous
 H - a condenser vane
 M - a lightning rod (4/4)
 N - a phial of floods


   Skills:
 O Level 27 Fighting
 + Level 26.1 Maces & Flails
 O Level 27 Armour
 + Level 25.2 Dodging
 O Level 27 Shields
 O Level 27 Invocations
 O Level 27 Evocations


You had 18 spell levels left.
You didn't know any spells.
Your spell library contained the following spells:

 Spells                   Type           Power      Damage    Failure   Level
 Apportation              Tloc           0%         N/A       80%         1
 Freeze                   Ice            0%         1d3       80%         1
 Magic Dart               Conj           0%         1d3       80%         1
 Necrotise                Necr           0%         1d4       80%         1
 Sandblast                Erth           0%         2d4       80%         1
 Slow                     Hex            0%         N/A       80%         1
 Sting                    Conj/Alch      0%         1d3       80%         1
 Cigotuvi's Dreadful Rot  Necr/Alch/Air  0%         N/A       90%         2
 Ensorcelled Hibernation  Hex/Ice        0%         N/A       90%         2
 Jinxbite                 Hex            0%         N/A       90%         2
 Lesser Beckoning         Tloc           0%         N/A       90%         2
 Mercury Vapours          Alch/Air       0%         N/A       90%         2
 Momentum Strike          Conj/Tloc      0%         3d8       90%         2
 Scorch                   Fire           0%         2d5       90%         2
 Searing Ray              Conj           0%         2d4       90%         2
 Static Discharge         Conj/Air       0%         3-3/arc   90%         2
 Sublimation of Blood     Necr           0%         N/A       90%         2
 Fugue of the Fallen      Necr           0%         N/A       99%         3
 Gell's Gravitas          Tloc           0%         N/A       99%         3
 Hailstorm                Conj/Ice       0%         3d5       99%         3
 Inner Flame              Hex/Fire       0%         N/A       99%         3
 Mephitic Cloud           Conj/Alch/Air  0%         N/A       99%         3
 Ozocubu's Armour         Ice            0%         N/A       99%         3
 Passwall                 Erth           0%         N/A       99%         3
 Sigil of Binding         Hex            0%         N/A       99%         3
 Stone Arrow              Conj/Erth      0%         3d7       99%         3
 Teleport Other           Tloc           0%         N/A       99%         3
 Airstrike                Air            0%         2d(0-16)  100%        4
 Anguish                  Hex/Necr       0%         N/A       100%        4
 Brom's Barrelling Bould  Conj/Erth      0%         2d3       100%        4
 Cause Fear               Hex            0%         N/A       100%        4
 Dimensional Bullseye     Hex/Tloc       0%         N/A       100%        4
 Dispel Undead            Necr           0%         3d6       100%        4
 Flame Wave               Conj/Fire      0%         2d4       100%        4
 Fulminant Prism          Conj/Alch      0%         3d5       100%        4
 Ignite Poison            Fire/Alch      0%         N/A       100%        4
 Iskenderun's Mystic Bla  Conj/Tloc      0%         2d3       100%        4
 Leda's Liquefaction      Alch/Erth      0%         N/A       100%        4
 Manifold Assault         Tloc           0%         N/A       100%        4
 Olgreb's Toxic Radiance  Alch           0%         N/A       100%        4
 Petrify                  Alch/Erth      0%         N/A       100%        4
 Sticky Flame             Fire/Alch      0%         2d4       100%        4
 Alistair's Intoxication  Alch           0%         N/A       100%        5
 Arcjolt                  Conj/Air       0%         1d10      100%        5
 Borgnjor's Vile Clutch   Necr/Erth      0%         N/A       100%        5
 Fireball                 Conj/Fire      0%         3d3       100%        5
 Freezing Cloud           Conj/Ice/Air   0%         6-21      100%        5
 Irradiate                Conj/Alch      0%         3d11      100%        5
 Iskenderun's Battlesphe  Conj           0%         2d6       100%        5
 Lee's Rapid Deconstruct  Erth           0%         3d4*      100%        5
 Metabolic Englaciation   Hex/Ice        0%         N/A       100%        5
 Yara's Violent Unravell  Hex/Alch       0%         3d3       100%        5
 Conjure Ball Lightning   Conj/Air       0%         3x3d6     100%        6
 Dispersal                Tloc           0%         N/A       100%        6
 Eringya's Noxious Bog    Alch           0%         4d6       100%        6
 Permafrost Eruption      Ice/Erth       0%         2x4d2     100%        6
 Plasma Beam              Fire/Air       0%         2x1d10    100%        6
 Enfeeble                 Hex            0%         N/A       100%        7
 Orb of Destruction       Conj           0%         9d5       100%        7
 Ozocubu's Refrigeration  Ice            0%         4d7       100%        7
 Discord                  Hex            0%         N/A       100%        8
 Disjunction              Tloc           0%         N/A       100%        8
 Ignition                 Fire           0%         3d3       100%        8
 Maxwell's Capacitive Co  Air            0%         ∞         100%        8
 Fire Storm               Conj/Fire      0%         5d1       100%        9
 Polar Vortex             Ice            0%         N/A       100%        9
 Shatter                  Erth           0%         3d5*      100%        9
 Summon Small Mammal      Summ           Unusable   N/A       N/A         1
 Blink                    Tloc           Unusable   N/A       N/A         2
 Call Imp                 Summ           Unusable   N/A       N/A         2
 Call Canine Familiar     Summ           Unusable   N/A       N/A         3
 Swiftness                Air            Unusable   N/A       N/A         3
 Tukima's Dance           Hex            Unusable   N/A       N/A         3
 Animate Armour           Summ/Erth      Unusable   N/A       N/A         4
 Animate Dead             Necr           Unusable   N/A       N/A         4
 Martyr's Knell           Necr/Summ      Unusable   N/A       N/A         4
 Summon Lightning Spire   Summ/Air       Unusable   N/A       N/A         4
 Vhi's Electric Charge    Tloc/Air       Unusable   N/A       N/A         4
 Summon Forest            Summ/Tloc      Unusable   N/A       N/A         5
 Death Channel            Necr           Unusable   N/A       N/A         6
 Sculpt Simulacrum        Ice/Alch       Unusable   N/A       N/A         6
 Summon Cactus Giant      Summ           Unusable   N/A       N/A         6
 Spellforged Servitor     Conj/Summ      Unusable   N/A       N/A         7
 Summon Hydra             Summ           Unusable   N/A       N/A         7
 Summon Horrible Things   Summ           Unusable   N/A       N/A         8

Dungeon Overview and Level Annotations

Branches:
Dungeon (1/1)

Altars:
Ashenzari
Cheibriados
Dithmenos
Elyvilon
Fedhas
Gozag
Hepliaklqana
Kikubaaqudgha
Makhleb
Nemelex Xobeh
Okawaru
Qazlal
Ru
Sif Muna
Trog
Uskayaw
Vehumet
Wu Jian
Xom
Yredelemnul
Zin
The Shining One
Beogh
Jiyva
Lugonu


Innate Abilities, Weirdness & Mutations

You cannot be hasted, slowed, berserked, paralysed or teleported.
You can dig through walls and to a lower floor.
You have a pair of large antennae on your head. (SInv)
Your four strong arms can wield two-handed weapons with a shield.


Message History

You see here the ring of the Clam {Wiz Will+ Str-4 Int+3 Dex+3}.
You see here the +1 robe of Vines {NoPotionHeal Regen++++}.
You see here a +3 leather armour of fire resistance.
You see here a book of the Dragon.
You see here the ring "Larchav" {^Drain +Blink rElec rC+ rCorr}.
You see here a staff of earth.
You see here the Encyclopedia of the Throng.
Okay, then.
Okay, then.
You see here the +3 whip of the Median {holy, rN++ Int+3}.
You see here a wand of charming (5).
You see here a +1 orcbow of flaming.
You see here the amulet of Fedhas's Delight {Acrobat Fly rCorr}.
You see here a staff of alchemy.
You see here a +2 leather armour of cold resistance.
You see here a +4 ring of slaying.
Okay, then.
There is a transporter here.
You start waiting.
Done waiting.
Unknown command.
You see here a +6 ring of strength.
You see here the ring of Titarr {*Slow rPois rF+ rN+ Dex+6}.
You see here the ring of Brilliance {Fly Int+2}.
You see here the ring of Titarr {*Slow rPois rF+ rN+ Dex+6}.
You see here a +6 ring of strength.
There is a transporter here.
Okay, then.
An exit appears before you!
You enter the transporter and appear at another place.
Found the Orb of Zot.
Found a staircase leading out of the dungeon.
You see here the Orb of Zot.
You pick up the Orb of Zot!
The Orb lets out an ear-shattering shriek!
The lords of Pandemonium are not amused.
Beware!
Now all you have to do is get back out of the dungeon!
There is a staircase leading out of the dungeon here.
You can't go down here!
You have escaped!

......).....▓..▓.......▓..▓...ß©ß
.[..)..†....▓.▓▓▓.....▓▓▓.▓..)|))
....[.......▓..▓.......▓..▓..))))
..†))†......▓.............▓......
..)[(.†.....▓......©......▓......
............▓▓▓▓▓▓▓▓▓▓▓▓▓▓▓......
▓.......▓...▓ßßßßßßßßßßßßß▓....÷.
▓▓.....▓▓▓..▓ß...........ß▓...)(.
▓.......▓...▓ß..@.....©..ß▓.▓.)÷.
............▓ß...........ß▓....©.
....©.......▓ßßßßßßßßßßßßß▓▓▓▓▓▓▓
▓▓▓▓▓▓▓▓▓▓▓▓▓▓▓▓▓▓▓▓▓▓▓▓▓▓▓▓▓▓▓▓▓
.....ß©ß........▓........ß©ß.....
=)|/).).)/:).:).▓.[|.=)=.|..):..)
|:)=)[))..[.[[/.▓...).))./.=/)))[
...|))|:).|[.:).▓.=)..))))[)).||/
................▓......):=):.....


There were no monsters in sight!

Vanquished Creatures
  3 ancient liches (D)
  4 juggernauts (shapeshifter) (D)
  A royal mummy (D)
  10 shard shrikes (shapeshifter) (D)
  5 liches (D)
  3 titans (shapeshifter) (D)
  A kraken (D)
  A tentacled starspawn (D)
  2 shadow dragons (D)
  2 rockslimes (D)
  2 rockslimes (shapeshifter) (D)
  An azure jelly (D)
  6 emperor scorpions (D)
  8 nagarajas (D)
  4 ghost moths (D)
  3 spriggan defenders (D)
  A broodmother (D)
  4 ghouls (D)
  3 orc warlords (D)
  8 stone giants (D)
  6 vampire knights (D)
  A deep elf annihilator (D)
  5 merfolk javelineers (D)
  A mummy priest (D)
  4 merfolk impalers (D)
  An ettin (shapeshifter) (D)
  A yaktaur captain (D)
  5 entropy weavers (D)
  A rakshasa (D)
  4 spriggan air magi (D)
  6 vault guards (D)
  2 hydras (D)
  6 anacondas (D)
  A radroach (D)
  An alligator snapping turtle (D)
  A two-headed ogre (shapeshifter) (D)
  A boulder beetle (D)
  A dancing weapon (D)
  7 merfolk aquamancers (D)
  A satyr (D)
  A jorogumo (D)
  6 vampire magi (D)
  3 demonic crawlers (D)
  3 spriggan berserkers (D)
  6 naga warriors (D)
  An orc high priest (D)
  A thrashing horror (D)
  3 deep elf knights (D)
  A wretched star (D)
  9 skeletal warriors (D)
  A fire crab (shapeshifter) (D)
  4 pharaoh ants (D)
  2 skysharks (shapeshifter) (D)
  3 sea snakes (D)
  6 orb spiders (D)
  2 spriggan druids (D)
  A deep elf archer (D)
  A mana viper (shapeshifter) (D)
  2 orb spiders (shapeshifter) (D)
  4 orc knights (D)
  4 steelbarb worms (D)
  2 lindwurms (shapeshifter) (D)
  A deep elf zephyrmancer (D)
  A thermic dynamo (D)
  A deep elf pyromancer (D)
  7 orc sorcerers (D)
  8 necromancers (D)
  5 wolf spiders (D)
  3 manticores (D)
  2 shining eyes (shapeshifter) (D)
  2 cyclopes (D)
  2 cyclopes (shapeshifter) (D)
  A black mamba (shapeshifter) (D)
  A meliai (D)
  A worldbinder (D)
  5 moths of wrath (D)
  A slime creature (D)
  2 moths of wrath (shapeshifter) (D)
  An elephant (D)
  2 kobold blastminers (D)
  3 merfolk sirens (D)
  5 black mambas (D)
  8 guardian serpents (D)
  8 naga magi (D)
  A water nymph (D)
  An apocalypse crab (D)
  A water nymph (shapeshifter) (D)
  2 eyes of devastation (D)
  4 torpor snails (D)
  An unseen horror (shapeshifter) (D)
  3 large abominations (D)
  2 torpor snails (shapeshifter) (D)
  6 cane toads (D)
  A cane toad (shapeshifter) (D)
  4 yaktaurs (D)
  2 efreet (D)
  A rime drake (D)
  A komodo dragon (shapeshifter) (D)
  3 komodo dragons (D)
  6 guardian mummies (D)
  2 ancient zymes (D)
  A polar bear (shapeshifter) (D)
  3 merfolk (D)
  A queen bee (shapeshifter) (D)
  A troll (shapeshifter) (D)
  2 merfolk (shapeshifter) (D)
  A glass eye (D)
  5 hornets (D)
  A glass eye (shapeshifter) (D)
  4 tarantellas (D)
  A raiju (shapeshifter) (D)
  4 snapping turtles (D)
  A blink frog (D)
  A snapping turtle (shapeshifter) (D)
  A spriggan (D)
  2 culicivoras (D)
  4 jumping spiders (D)
  3 water elementals (D)
  A ynoxinul (D)
  7 shadows (D)
  2 ushabtiu (D)
  2 jumping spiders (shapeshifter) (D)
  3 yaks (D)
  A golden eye (D)
  3 basilisks (shapeshifter) (D)
  A hog (shapeshifter) (D)
  A basilisk (D)
  3 wargs (D)
  4 redbacks (D)
  A redback (shapeshifter) (D)
  A yak (shapeshifter) (D)
  2 neqoxecs (D)
  A chaos spawn (D)
  8 nagas (D)
  2 swamp worms (shapeshifter) (D)
  8 water moccasins (D)
  A black bear (shapeshifter) (D)
  14 orc warriors (D)
  3 black bears (D)
  3 laughing skulls (D)
  4 wolves (D)
  10 ogres (D)
  4 centaurs (D)
  2 phantoms (D)
  3 small abominations (D)
  7 wights (D)
  A crimson imp (D)
  5 quasits (D)
  2 iron imps (D)
  5 orc priests (D)
  2 jellies (D)
  8 starcursed masses (D)
  An iguana (shapeshifter) (D)
  An iguana (D)
  An orc wizard (D)
  9 mummies (D)
  A river rat (D)
  4 adders (D)
  2 shadow imps (D)
  A white imp (D)
  2 ufetubi (D)
  2 adder zombies (D)
  An adder skeleton (D)
  2 adder simulacra (D)
  2 orcs (D)
  5 bat skeletons (D)
  A bat zombie (D)
  An endoplasm (D)
  A jackal (D)
  7 ball pythons (D)
  A ball python simulacrum (D)
  A ball python skeleton (D)
  7 ball python zombies (D)
  2 jackal skeletons (D)
  A jackal zombie (D)
  A quokka simulacrum (D)
  A quokka skeleton (D)
  A quokka zombie (D)
  A starspawn tentacle (D)
  2 tentacles (D)
528 creatures vanquished.

Vanquished Creatures (others)
  A skeletal warrior (D)
  A naga (D)
  A jelly (D)
  An adder (D)
  A bat skeleton (D)
  A bat zombie (D)
  2 ball pythons (D)
  A starspawn tentacle (D)
  5 tentacles (D)
14 creatures vanquished.

Grand Total: 542 creatures vanquished

Notes
Turn   | Place    | Note
-------+----------+-------------------------------------------
     0 | D        | Revguard the Formicid Fighter began the quest for the Orb.
     0 | D        | Reached XP level 1. HP: 18/18 MP: 1/1
     0 | D        | Found a shimmering blue altar of Sif Muna.
     0 | D        | Found a bloodstained altar of Trog.
     0 | D        | Found a sacrificial altar of Ru.
     0 | D        | Found a stormy altar of Qazlal.
     0 | D        | Found an iron altar of Okawaru.
     1 | D        | Found a sparkling altar of Nemelex Xobeh.
     1 | D        | Found a blossoming altar of Fedhas.
     1 | D        | Found the +6 Majin-Bo {spellvamp, MP+6 Int+6}
     1 | D        | Found the +27 heavy crossbow "Sniper" {heavy, Acc+∞ SInv}
     1 | D        | Found the +10 dark maul {heavy}
     1 | D        | Found the +15 Maxwell's patent armour {-Cast -Tele rElec
                  | Will+ rCorr}
     1 | D        | Found the +18 shield of the Gong {Loud rN+ Will+ rCorr
                  | EV-5}
     1 | D        | Found the +16 obsidian axe {drain, demonic, Mesm ^Drain Fly
                  | SInv}
     1 | D        | Found the +7 great mace "Firestarter" {flame, immolate,
                  | rFlCloud rF++}
     1 | D        | Found the +6 shillelagh "Devastator" {shatter}
     1 | D        | Found the +11 plutonium sword {^Contam Stlth-}
     1 | D        | Found the +8 lance "Wyrmbane" {slay drac, rPois rF+ rC+
                  | AC+3}
     1 | D        | Found the +9 sword of Zonguldrok {reap}
     1 | D        | Found the +13 scythe of Curses {drain, curses, ^Drain}
     1 | D        | Found the +9 sword of Power {lifebolt}
     1 | D        | Found the +7 mace of Variability {chaos, chaos arc}
     1 | D        | Found the +11 Singing Sword {sonic wave}
     1 | D        | Found the +8 storm bow {elec, penet}
     3 | D        | Found a transporter.
     3 | D        | Found an ancient bone altar of Kikubaaqudgha.
     3 | D        | Found a viscous altar of Jiyva.
     3 | D        | Found a corrupted altar of Lugonu.
     3 | D        | Found a hazy altar of Hepliaklqana.
     3 | D        | Found a burning altar of Makhleb.
     3 | D        | Found an opulent altar of Gozag.
    66 | D        | Became a worshipper of Warmaster Okawaru
    70 | D        | Reached skill level 5 in Shields
    70 | D        | Reached XP level 2. HP: 26/26 MP: 1/4
   204 | D        | Entered arena 2.
   204 | D        | Noticed a crimson imp
   204 | D        | Found a transporter.
   207 | D        | Killed a crimson imp
   208 | D        | Reached skill level 5 in Fighting
   208 | D        | Reached skill level 5 in Armour
   208 | D        | Reached XP level 3. HP: 33/33 MP: 5/5
   209 | D        | Reached XP level 4. HP: 39/39 MP: 5/7
   229 | D        | Entered arena 3.
   229 | D        | Found a transporter.
   237 | D        | Reached * piety under Okawaru
   245 | D        | Entered arena 4.
   245 | D        | Found a transporter.
   251 | D        | Reached XP level 5. HP: 34/46 MP: 8/8
   253 | D        | Reached skill level 5 in Maces & Flails
   253 | D        | Reached skill level 5 in Invocations
   341 | D        | Entered arena 5.
   341 | D        | Noticed a phantom
   341 | D        | Noticed a phantom
   341 | D        | Found a transporter.
   346 | D        | Killed a phantom
   347 | D        | Reached skill level 5 in Evocations
   347 | D        | Reached XP level 6. HP: 47/53 MP: 8/10
   372 | D        | Entered arena 6.
   372 | D        | Noticed a deep elf pyromancer
   372 | D        | Noticed a deep elf archer
   372 | D        | Noticed a deep elf zephyrmancer
   372 | D        | Noticed a deep elf knight
   372 | D        | Noticed a thermic dynamo
   372 | D        | Found a transporter.
   376 | D        | Killed a thermic dynamo
   376 | D        | Reached ** piety under Okawaru
   376 | D        | Reached *** piety under Okawaru
   377 | D        | Reached XP level 7. HP: 52/62 MP: 10/12
   377 | D        | Reached XP level 8. HP: 57/68 MP: 10/13
   379 | D        | Killed a deep elf knight
   379 | D        | Reached **** piety under Okawaru
   379 | D        | Killed a deep elf pyromancer
   379 | D        | Killed a deep elf zephyrmancer
   379 | D        | Reached ***** piety under Okawaru
   380 | D        | Reached skill level 5 in Dodging
   380 | D        | Reached XP level 9. HP: 50/78 MP: 8/16
   381 | D        | Killed a deep elf archer
   382 | D        | Reached skill level 10 in Fighting
   382 | D        | Reached skill level 10 in Armour
   382 | D        | Reached skill level 10 in Invocations
   465 | D        | Entered arena 7.
   465 | D        | Found the +10 tower shield of Ignorance {rN+ Int-4}
   465 | D        | Noticed a deep elf knight
   465 | D        | Noticed an anaconda
   465 | D        | Noticed a deep elf knight
   465 | D        | Noticed a deep elf annihilator
   465 | D        | Noticed a +5 long sword of flaming
   466 | D        | Found a transporter.
   473 | D        | Killed a deep elf knight
   474 | D        | Reached XP level 10. HP: 36/86 MP: 9/17
   474 | D        | Killed a deep elf knight
   474 | D        | Received a gift from Okawaru
   476 | D        | Killed a deep elf annihilator
   477 | D        | Reached skill level 10 in Maces & Flails
   477 | D        | Reached skill level 10 in Evocations
   478 | D        | an anaconda changed into a cane toad
   478 | D        | Noticed a cane toad (shapeshifter)
   480 | D        | Killed a cane toad
   481 | D        | Killed a +5 long sword of flaming
   647 | D        | Entered arena 8.
   647 | D        | Noticed a cyclops
   648 | D        | Found a transporter.
   651 | D        | Killed a cyclops
   651 | D        | Received a gift from Okawaru
   652 | D        | Reached XP level 11. HP: 75/93 MP: 19/19
   655 | D        | Reached ****** piety under Okawaru
   669 | D        | Acquired the +10 longbow "Yttydgh" {drain, rN+ Int-2
                  | Stlth+}
   669 | D        | Received a gift from Okawaru
   670 | D        | Acquired a +1 pair of gloves of dexterity
   670 | D        | Received a gift from Okawaru
   791 | D        | Entered arena 9.
   791 | D        | Noticed a spriggan druid
   792 | D        | Found a transporter.
   799 | D        | Killed a spriggan druid
   809 | D        | Entered arena 10.
   810 | D        | Found a transporter.
   835 | D        | Got the ring of Contentment {Fire ^Drain rElec Stlth+}
  1007 | D        | Entered arena 11.
  1008 | D        | Found a transporter.
  1027 | D        | Got the +0 pair of boots of Qaumimmuila {^Drain rElec Dex+2
                  | Slay+2}
  1147 | D        | Entered arena 12.
  1147 | D        | Found the +8 demon blade "Leech" {evervamp, Harm ^Drain
                  | rN+}
  1147 | D        | Noticed a naga warrior
  1147 | D        | Noticed a nagaraja
  1148 | D        | Noticed a naga warrior
  1149 | D        | Found a transporter.
  1160 | D        | Killed a nagaraja
  1160 | D        | Received a gift from Okawaru
  1162 | D        | Killed a naga warrior
  1171 | D        | Killed a naga warrior
  1172 | D        | Reached XP level 12. HP: 39/105 MP: 15/21
  1177 | D        | Reached skill level 15 in Shields
  1372 | D        | Entered arena 13.
  1372 | D        | Found the +6 arbalest "Damnation" {damnation}
  1373 | D        | Identified the +4 rapier of the Badger {holy, rPois Str+4}
  1374 | D        | Found a transporter.
  1378 | D        | Received a gift from Okawaru
  1391 | D        | HP: 5/105 [poisoned by a guardian serpent (bolt of poison)]
  1393 | D        | Got the ring "Sentar" {rN+ Will+ AC+4}
  1395 | D        | Got the amulet of Foczaix {Reflect Harm rElec MP-9 Str+5
                  | SH+5}
  1667 | D        | Entered arena 14.
  1669 | D        | Found the +8 Wrath of Trog {antimagic, *Rage Rampage}
  1670 | D        | Found a transporter.
  1683 | D        | Received a gift from Okawaru
  1688 | D        | Reached skill level 10 in Dodging
  1881 | D        | Entered arena 15.
  1883 | D        | Noticed an azure jelly
  1883 | D        | Noticed a rockslime
  1883 | D        | Noticed a rockslime
  1884 | D        | Found a transporter.
  1899 | D        | Killed an azure jelly
  1912 | D        | Killed a rockslime
  1912 | D        | Received a gift from Okawaru
  1913 | D        | Reached XP level 13. HP: 40/114 MP: 17/24
  1922 | D        | Killed a rockslime
  1936 | D        | Got Ereshkigal's Spellbook of Striking
  2129 | D        | Entered arena 16.
  2130 | D        | Noticed a nagaraja
  2130 | D        | Noticed an anaconda
  2130 | D        | Noticed an anaconda
  2131 | D        | Noticed a nagaraja
  2132 | D        | Found a transporter.
  2138 | D        | Killed an anaconda
  2138 | D        | Killed an anaconda
  2139 | D        | Reached skill level 15 in Invocations
  2139 | D        | Killed a nagaraja
  2140 | D        | Killed a nagaraja
  2140 | D        | Received a gift from Okawaru
  2141 | D        | Reached skill level 15 in Fighting
  2167 | D        | Got the Lessons on Sandy Attendants
  2464 | D        | Entered arena 17.
  2467 | D        | Noticed a shadow dragon
  2467 | D        | Noticed a yaktaur captain
  2467 | D        | Noticed a vault guard
  2467 | D        | Noticed a vault guard
  2467 | D        | Noticed a vault guard
  2467 | D        | Noticed a vault guard
  2467 | D        | Noticed a lich
  2467 | D        | Noticed a lich
  2468 | D        | Noticed a shadow dragon
  2468 | D        | Noticed a vault guard
  2468 | D        | Noticed a vault guard
  2469 | D        | Found a transporter.
  2476 | D        | Killed a vault guard
  2477 | D        | Reached skill level 15 in Armour
  2478 | D        | Killed a lich
  2479 | D        | Killed a vault guard
  2480 | D        | Killed a vault guard
  2481 | D        | Killed a vault guard
  2483 | D        | Killed a shadow dragon
  2484 | D        | Reached skill level 15 in Evocations
  2485 | D        | Killed a lich
  2485 | D        | Killed a vault guard
  2486 | D        | Reached XP level 14. HP: 45/125 MP: 18/26
  2489 | D        | Received a gift from Okawaru
  2494 | D        | Killed a shadow dragon
  2824 | D        | Entered arena 18.
  2829 | D        | Noticed an emperor scorpion
  2829 | D        | Noticed an emperor scorpion
  2829 | D        | Noticed an emperor scorpion
  2829 | D        | Noticed a ghost moth
  2829 | D        | Found the +0 cloak of the Thief {Quiet Slay-3 SInv Stlth+}
  2830 | D        | Noticed an emperor scorpion
  2831 | D        | Found a transporter.
  2838 | D        | Reached skill level 15 in Maces & Flails
  2842 | D        | Killed an emperor scorpion
  2842 | D        | Killed a ghost moth
  2844 | D        | Killed an emperor scorpion
  2848 | D        | Killed an emperor scorpion
  2849 | D        | Reached skill level 15 in Dodging
  2849 | D        | Killed an emperor scorpion
  2849 | D        | Received a gift from Okawaru
  2894 | D        | Got the ring "Fuetol" {rC+ Dex+6 SInv}
  2991 | D        | Entered arena 19.
  2996 | D        | Noticed a royal mummy
  2998 | D        | Found a transporter.
  3007 | D        | Killed a royal mummy
  3007 | D        | Received a gift from Okawaru
  3042 | D        | Got Sif Muna's Cyclopedia of Erosion and the Serac
  3211 | D        | Entered arena 20.
  3218 | D        | Noticed a vampire knight
  3218 | D        | Noticed a vampire knight
  3219 | D        | Identified the ring of Thoughtfulness {+Blink rF+ Int+4}
  3219 | D        | Noticed a vampire knight
  3219 | D        | Noticed a vampire knight
  3220 | D        | Found a transporter.
  3225 | D        | Killed a vampire knight
  3228 | D        | Killed a vampire knight
  3230 | D        | Reached XP level 15. HP: 128/135 MP: 22/28
  3242 | D        | Received a gift from Okawaru
  3270 | D        | Got the ring of Fipeac {Fire ^Contam +Blink Dex+2}
  3277 | D        | Got the Thoughts on Clouds
  3363 | D        | Entered arena 21.
  3370 | D        | Identified the +2 robe of Summertime {Str+4}
  3371 | D        | Noticed a tentacled starspawn
  3385 | D        | Found a transporter.
  3387 | D        | Killed a tentacled starspawn
  3421 | D        | Got the amulet "Qaroem Anla" {Spirit rElec rN+ Stlth+}
  3428 | D        | Got the Elucidation of the Crevasse
  3438 | D        | Got the ring of Yendor {Fly rElec AC+4 Str+3}
  3463 | D        | Entered arena 22.
  3469 | D        | Noticed a spriggan defender
  3470 | D        | Noticed a spriggan defender
  3471 | D        | Noticed a spriggan defender
  3473 | D        | Received a gift from Okawaru
  3475 | D        | Killed a spriggan defender
  3477 | D        | Killed a spriggan defender
  3488 | D        | Killed a spriggan defender
  3491 | D        | Found a transporter.
  3694 | D        | Entered arena 23.
  3702 | D        | Noticed a nagaraja
  3702 | D        | Found the +5 demon whip "Spellbinder" {antimagic, disrupt,
                  | Will+}
  3703 | D        | Noticed a nagaraja
  3703 | D        | Noticed a nagaraja
  3704 | D        | Noticed a nagaraja
  3704 | D        | Noticed a nagaraja
  3707 | D        | Received a gift from Okawaru
  3711 | D        | Reached XP level 16. HP: 141/147 MP: 24/30
  3722 | D        | Killed a nagaraja
  3723 | D        | Found a transporter.
  3727 | D        | Killed a nagaraja
  3732 | D        | Killed a nagaraja
  3733 | D        | Killed a nagaraja
  3736 | D        | Killed a nagaraja
  3790 | D        | Got the amulet "Caeroqomm" {Acrobat rF+}
  3794 | D        | Got the Disquisition on the Brume and Venom
  4047 | D        | Entered arena 24.
  4056 | D        | Identified the ring of Neveoh Jick {rC+ rN+ Int-3 Stlth+}
  4057 | D        | Noticed a kraken
  4060 | D        | Received a gift from Okawaru
  4069 | D        | Found a transporter.
  4073 | D        | Received a gift from Okawaru
  4073 | D        | Killed a kraken
  4258 | D        | Got the amulet of Esyqon {rPois Will+ Regen+ rCorr}
  4270 | D        | Got the Guide on Curses and the Commander
  4277 | D        | Got the amulet "Lileituo" {Rampage Regen+ Str+6}
  4302 | D        | Entered arena 25.
  4312 | D        | Identified the +10 arbalest "Wiacoun" {drain, Will++}
  4312 | D        | Identified the +2 dagger "Jasam" {freeze, Int+5}
  4324 | D        | Found a transporter.
  4325 | D        | Reached XP level 17. HP: 143/158 MP: 26/32
  4338 | D        | Received a gift from Okawaru
  4392 | D        | Got the ring of Zeivoas {Ice Will+ Str+3}
  4394 | D        | Got the ring of Qick {rN+ Str+2}
  4401 | D        | Got the amulet of the Thistle {Faith Fly Str+6}
  4403 | D        | Got the ring of Mofixzac {*Corrode rC+ MP+9 Dex+2}
  4459 | D        | Entered arena 26.
  4484 | D        | Received a gift from Okawaru
  4506 | D        | Received a gift from Okawaru
  4574 | D        | Found a transporter.
  4633 | D        | Got the Spellbook of the Chupacabra
  4643 | D        | Entered arena 27.
  4653 | D        | Noticed an ancient lich
  4653 | D        | Noticed an ancient lich
  4654 | D        | Noticed a lich
  4654 | D        | Noticed a lich
  4655 | D        | Noticed an ancient lich
  4655 | D        | Noticed a lich
  4655 | D        | Identified the +6 flail "Eviscerator" {drain, Fly rElec
                  | rPois}
  4655 | D        | Identified the +7 flail of Reason {flame, rN+ Dex+3}
  4655 | D        | Identified the ring "Xezxocweoh" {rPois Int+3}
  4655 | D        | Identified the +1 robe of Mabephok {rCorr Int-3 Dex+6}
  4655 | D        | Identified the ring "Liq Zarghur" {*Corrode rC+++ Str+3
                  | Int+6 Stlth+}
  4657 | D        | Identified the +6 battleaxe of Animal Spirits {venom,
                  | Will+}
  4661 | D        | Killed an ancient lich
  4664 | D        | Reached XP level 18. HP: 128/175 MP: 27/34
  4664 | D        | Killed an ancient lich
  4664 | D        | Received a gift from Okawaru
  4671 | D        | Killed a lich
  4686 | D        | Reached skill level 27 in Shields
  4686 | D        | Killed an ancient lich
  4687 | D        | Killed a lich
  4688 | D        | Killed a lich
  4695 | D        | Received a gift from Okawaru
  4706 | D        | Found a transporter.
  4872 | D        | Entered arena 28.
  4883 | D        | Noticed a juggernaut
  4883 | D        | a rockslime changed into a titan
  4883 | D        | Noticed a titan (glowing shapeshifter)
  4883 | D        | Noticed a juggernaut
  4884 | D        | Noticed a juggernaut
  4884 | D        | Noticed a shard shrike
  4884 | D        | a rockslime changed into a shard shrike
  4884 | D        | Noticed a shard shrike (glowing shapeshifter)
  4884 | D        | a titan changed into a shard shrike
  4884 | D        | Noticed a shard shrike (glowing shapeshifter)
  4884 | D        | Noticed a shard shrike
  4885 | D        | Noticed a shard shrike
  4885 | D        | Noticed a juggernaut
  4885 | D        | a shard shrike changed into a titan
  4885 | D        | Noticed a titan (glowing shapeshifter)
  4885 | D        | a juggernaut changed into a rockslime
  4885 | D        | a juggernaut changed into a shard shrike
  4885 | D        | Noticed a shard shrike (glowing shapeshifter)
  4885 | D        | a shard shrike changed into a juggernaut
  4885 | D        | Noticed a juggernaut (glowing shapeshifter)
  4886 | D        | Noticed a juggernaut
  4886 | D        | a titan changed into a shard shrike
  4886 | D        | Noticed a shard shrike (glowing shapeshifter)
  4886 | D        | a juggernaut changed into a titan
  4886 | D        | Noticed a titan (glowing shapeshifter)
  4886 | D        | a shard shrike changed into a rockslime
  4887 | D        | a rockslime changed into a titan
  4887 | D        | Noticed a titan (glowing shapeshifter)
  4887 | D        | Noticed a juggernaut
  4887 | D        | Noticed a shard shrike
  4889 | D        | Noticed a juggernaut
  4889 | D        | Noticed a titan
  4891 | D        | a titan changed into a rockslime
  4891 | D        | a titan changed into a juggernaut
  4891 | D        | Noticed a juggernaut (glowing shapeshifter)
  4891 | D        | a rockslime changed into a juggernaut
  4891 | D        | Noticed a juggernaut (glowing shapeshifter)
  4892 | D        | Noticed a shard shrike
  4893 | D        | a shard shrike changed into a rockslime
  4893 | D        | a juggernaut changed into a shard shrike
  4893 | D        | Noticed a shard shrike (glowing shapeshifter)
  4893 | D        | a juggernaut changed into a titan
  4893 | D        | Noticed a titan (glowing shapeshifter)
  4893 | D        | a shard shrike changed into a juggernaut
  4893 | D        | Noticed a juggernaut (glowing shapeshifter)
  4893 | D        | a rockslime changed into a shard shrike
  4893 | D        | Noticed a shard shrike (glowing shapeshifter)
  4896 | D        | Killed a shard shrike
  4897 | D        | a rockslime changed into a juggernaut
  4897 | D        | Noticed a juggernaut (glowing shapeshifter)
  4897 | D        | a juggernaut changed into a titan
  4897 | D        | Noticed a titan (glowing shapeshifter)
  4897 | D        | a shard shrike changed into a rockslime
  4897 | D        | a rockslime changed into a juggernaut
  4897 | D        | Noticed a juggernaut (glowing shapeshifter)
  4897 | D        | a juggernaut changed into a shard shrike
  4897 | D        | Noticed a shard shrike (glowing shapeshifter)
  4898 | D        | Killed a titan
  4898 | D        | Killed a shard shrike
  4898 | D        | Received a gift from Okawaru
  4899 | D        | Killed a shard shrike
  4900 | D        | a titan changed into a rockslime
  4902 | D        | Killed a juggernaut
  4902 | D        | Killed a shard shrike
  4902 | D        | Killed a shard shrike
  4903 | D        | Reached XP level 19. HP: 93/188 MP: 31/36
  4904 | D        | Killed a juggernaut
  4904 | D        | Received a gift from Okawaru
  4905 | D        | Reached skill level 27 in Fighting
  4905 | D        | a rockslime changed into a juggernaut
  4905 | D        | Noticed a juggernaut (glowing shapeshifter)
  4905 | D        | a rockslime changed into a titan
  4905 | D        | Noticed a titan (glowing shapeshifter)
  4905 | D        | a juggernaut changed into a titan
  4905 | D        | Noticed a titan (glowing shapeshifter)
  4905 | D        | a juggernaut changed into a shard shrike
  4905 | D        | Noticed a shard shrike (glowing shapeshifter)
  4906 | D        | a juggernaut changed into a rockslime
  4906 | D        | a titan changed into a shard shrike
  4906 | D        | Noticed a shard shrike (glowing shapeshifter)
  4906 | D        | a titan changed into a juggernaut
  4906 | D        | Noticed a juggernaut (glowing shapeshifter)
  4906 | D        | a rockslime changed into a shard shrike
  4906 | D        | Noticed a shard shrike (glowing shapeshifter)
  4906 | D        | a titan changed into a rockslime
  4907 | D        | Killed a shard shrike
  4908 | D        | Reached skill level 27 in Invocations
  4909 | D        | a rockslime changed into a shard shrike
  4909 | D        | Noticed a shard shrike (glowing shapeshifter)
  4909 | D        | a shard shrike changed into a rockslime
  4909 | D        | a rockslime changed into a shard shrike
  4909 | D        | Noticed a shard shrike (glowing shapeshifter)
  4909 | D        | a shard shrike changed into a titan
  4909 | D        | Noticed a titan (glowing shapeshifter)
  4911 | D        | Killed a juggernaut
  4912 | D        | Reached skill level 27 in Armour
  4912 | D        | a juggernaut changed into a shard shrike
  4912 | D        | Noticed a shard shrike (glowing shapeshifter)
  4912 | D        | a rockslime changed into a titan
  4912 | D        | Noticed a titan (glowing shapeshifter)
  4913 | D        | a juggernaut changed into a shard shrike
  4913 | D        | Noticed a shard shrike (glowing shapeshifter)
  4915 | D        | Killed a shard shrike
  4915 | D        | Received a gift from Okawaru
  4916 | D        | Killed a titan
  4918 | D        | Killed a titan
  4918 | D        | Killed a shard shrike
  4919 | D        | Killed a shard shrike
  4919 | D        | a shard shrike changed into a rockslime
  4920 | D        | Killed a shard shrike
  4921 | D        | a rockslime changed into a juggernaut
  4921 | D        | Noticed a juggernaut (glowing shapeshifter)
  4928 | D        | Killed a juggernaut
  4929 | D        | Reached skill level 27 in Evocations
  4930 | D        | Found the +1 robe of Vines {NoPotionHeal Regen++++}
  4933 | D        | Found a transporter.
  5188 | D        | Got the Orb of Zot
  5193 | D        | Escaped with the Orb!

Illustrated notes

Levels and vault maps discovered:
D:        sprint_v [room_start, room_1, room_2, room_3, room_4, room_5, room_6,
          room_7, room_8, room_9, room_10, room_11, room_12, room_13, room_14,
          room_15, room_16, room_17, room_18, room_19, room_20, room_21,
          room_22, room_23, room_24, room_25, room_26, room_27]

Skill      XL: |  1  2  3  4  5  6  7  8  9 10 11 12 13 14 15 16 17 18 19 |
---------------+----------------------------------------------------------+-----
Fighting       | 4 5 6 8 9 10 11 13 14 16 17 19 21 24 26 27 | 27.0
Maces & Flails | 3 4 5 6 8 9 10 11 13 14 16 17 19 21 23 26 | 26.1
Armour         | 4 5 6 8 9 10 11 12 14 15 17 20 22 24 26 27 | 27.0
Shields        | 5 6 7 9 11 12 13 14 16 18 20 22 24 26 27 | 27.0
Invocations    | 3 4 5 7 9 10 11 13 14 16 18 20 22 24 26 27 | 27.0
Evocations     | 2 3 4 5 6 8 9 10 12 13 15 16 18 20 22 24 27 | 27.0
Dodging        | 3 5 6 7 9 10 13 15 17 18 21 23 25 | 25.2

Action                     |  1- 3 |  4- 6 |  7- 9 | 10-12 | 13-15 | 16-18 | 19-21 || total
---------------------------+-------+-------+-------+-------+-------+-------+-------++-------
  Melee: Great mace        |     3 |    19 |     6 |   106 |   176 |   183 |    31 ||   524
 Invoke: Heroism           |       |       |     2 |     4 |     8 |     5 |       ||    19
         Finesse           |       |       |     1 |     3 |     8 |     5 |       ||    17
         Receive Weapon    |       |       |       |     1 |       |       |       ||     1
         Receive Armour    |       |       |       |     1 |       |       |       ||     1
Ability: Dig               |     1 |       |       |       |       |       |       ||     1
  Evoke: Wand              |       |     1 |       |     2 |     8 |       |       ||    11
         Condenser vane    |       |       |       |       |     2 |     6 |       ||     8
    Use: Potion            |     1 |       |     1 |     8 |     2 |     3 |     2 ||    17
         Scroll            |       |       |       |     1 |     2 |       |       ||     3
 Armour: Plate armour      |     1 |    24 |    18 |   262 |   156 |   141 |    15 ||   617
  Dodge: Dodged            |       |       |     4 |   100 |    53 |   166 |     4 ||   327
  Block: Kite shield       |     4 |    35 |    18 |   266 |   260 |   350 |    33 ||   966

Table legend: (Time is in decaauts)
 A = Elapsed time spent in this place.
 B = Non-inter-level travel time spent in this place.
 C = Inter-level travel time spent in this place.
 D = Time resting spent in this place.
 E = Time spent auto-exploring this place.
 F = Levels seen in this place.
 G = Mean time per level.
                   A        B        C        D        E       F      G
               +--------+--------+--------+--------+--------+-----+--------+
         Total |   4954 |   4954 |      0 |   3017 |    316 |   1 | 4954.0 |
       Dungeon |   4954 |   4954 |      0 |   3017 |    316 |   1 | 4954.0 |
               +--------+--------+--------+--------+--------+-----+--------+

Top non-repeatable levels by time:
       D: 4954 daAuts
